 Dungeon Crawl Stone Soup version 0.17-a0-1078-g243345b (webtiles) character file.

38 Lugonue the Sneak (level 3, -1/32 HPs)
             Began as a Naga Assassin on May 19, 2015.
             Slain by a gnoll
             ... wielding a +0 halberd
              (12 damage)
             ... on level 1 of the Dungeon.
             The game lasted 00:02:32 (1749 turns).

Lugonue the Sneak (Naga Assassin)                   Turns: 1749, Time: 00:02:32

Health: -1/32      AC:  6    Str: 13    XL:     3   Next: 43%
Magic:  3/3        EV:  4    Int: 12    God:
Gold:   45         SH:  0    Dex: 12    Spells: 0 memorised, 2 levels left

rFire  . . .     SeeInvis +     b - +0 blowgun
rCold  . . .     Clarity  .     q - +0 chain mail
rNeg   . . .     SustAb   .     (no shield)
rPois  +         Gourm    .     (no helmet)
rElec  .         Spirit   .     d - +0 cloak
rCorr  .         Warding  .     (no gloves)
rMut   .         Stasis   .     (no barding)
MR     .....                    (no amulet)
Stlth  +.........               (no ring)
                                (no ring)

@: short of breath, very slow, not resistant to hostile enchantments, very
unstealthy
A: see invisible, deformed body, poison resistance, slowness 2, slow metabolism
1, spit poison 2, AC +1
a: Spit Poison


You were on level 1 of the Dungeon.
You were hungry.

You visited 1 branch of the dungeon, and saw 2 of its levels.

You collected 45 gold pieces.

Inventory:

Hand weapons
 a - a +2 dagger
 b - a +0 blowgun (weapon)
 h - a +0 mace
Missiles
 e - 5 poisoned needles (quivered)
 f - 2 curare-tipped needles
Armour
 c - a +0 robe
 d - a +0 cloak (worn)
 q - a +0 chain mail (worn)
Scrolls
 k - a scroll of enchant armour {unknown}
 l - 4 scrolls of remove curse {unknown}
 o - a scroll of random uselessness {unknown}
 p - a scroll of identify {unknown}
Potions
 i - a potion of heal wounds {unknown}
 j - 3 potions of curing {unknown}
 m - a potion of mutation {unknown}
Comestibles
 g - 2 bread rations


   Skills:
 - Level 2.0 Fighting
 - Level 1.7 Throwing
 * Level 1.0 Armour
 * Level 1.2 Dodging
 + Level 7.0 Stealth


You had 2 spell levels left.
You didn't know any spells.

Dungeon Overview and Level Annotations

Branches:
Dungeon (2/15)

Altars:


Innate Abilities, Weirdness & Mutations

You cannot wear boots.
Your serpentine skin is tough (AC +1).
You have supernaturally acute eyesight.
Armour fits poorly on your strangely shaped body.
Your system is resistant to poisons.
You cover ground very slowly.
You have a slow metabolism.
You can spit poison.


Message History

The gnoll hits you with a club.
Firing (i - inventory. (,) - cycle):
e - 8 poisoned needles (quivered)
Press: ? - help, Shift-Dir - straight line, f/p - gnoll
Aim: a gnoll, wielding a halberd You shoot a poisoned needle.
The poisoned needle hits the gnoll!
The gnoll is poisoned.
The gnoll hits you but does no damage.
Firing (i - inventory. (,) - cycle):
e - 7 poisoned needles (quivered)
Press: ? - help, Shift-Dir - straight line, f/p - gnoll
Aim: a gnoll, wielding a halberd (lightly wounded, poisoned)
You shoot a poisoned needle.
The poisoned needle closely misses the gnoll.
The gnoll barely misses you.
Firing (i - inventory. (,) - cycle):
e - 6 poisoned needles (quivered)
Press: ? - help, Shift-Dir - straight line, f/p - gnoll
Aim: a gnoll, wielding a halberd (lightly wounded, poisoned)
You shoot a poisoned needle. The poisoned needle hits the gnoll!
The gnoll looks even sicker.
The gnoll is lightly wounded.
The gnoll hits you with a halberd!
You die...

#......#.........#
#.####.#.#######.# #.#
#.#.......#.# #.#
#.#######.#.# #.# #.....#
#.#'# ###.# #####[# #†...
#(..# #.# #....
#.gg########.###....
#..@÷...............
#...................
#######..................#
#..........#########......
#.....................>...
#.........................
#..........###############
#..........# ####.###
#..........########......#


You could see 2 gnolls.

Vanquished Creatures
  2 gnolls
  2 bats
  2 hobgoblins
  A ball python (D:1)
  3 giant cockroaches (D:1)
  A giant newt (D:1)
  A goblin (D:1)
  2 jackals (D:1)
  3 kobolds
  2 rats (D:1)
19 creatures vanquished.

Notes
Turn   | Place    | Note
--------------------------------------------------------------
     0 | D:1      | Lugonue the Naga Assassin began the quest for the Orb.
     0 | D:1      | Reached XP level 1. HP: 19/19 MP: 1/1
    99 | D:1      | Reached skill level 6 in Stealth
   571 | D:1      | Reached XP level 2. HP: 23/26 MP: 2/2
   782 | D:1      | Reached skill level 1 in Dodging
  1395 | D:2      | Reached XP level 3. HP: 24/32 MP: 3/3
  1413 | D:1      | Reached skill level 1 in Armour
  1413 | D:1      | Reached skill level 7 in Stealth
  1749 | D:1      | Slain by a gnoll

Vault maps used:
D:1:      dpeg_arrival_tiny_i
D:2:      first_bread, uniq_natasha

Action                   || total
-------------------------++-------
Melee: Dagger            ||    75
 Fire: Blowgun           ||     7
 Abil: Spit Poison       ||     3
 Stab: Sleeping          ||     3
  Eat: Chunk             ||     1
